 Dungeon Crawl Stone Soup version 0.30.0-10-gfe55d96785 (webtiles) character file.

Game seed: 3259409512112373210

919 qw the Chopper (level 8, -2/48 HPs)
             Began as a Gargoyle Cinder Acolyte on May 17, 2023.
             Was an Elder of Ignis.
             Killed by divine providence
             ... invoked by an orc priest
              (15 damage)
             ... on level 6 of the Dungeon.
             The game lasted 00:02:21 (3992 turns).

qw the Chopper (Gargoyle Cinder Acolyte)            Turns: 3992, Time: 00:02:22

Health: -2/48      AC: 24    Str: 20    XL:     8   Next: 9%
Magic:  9/9        EV:  4    Int: 15    God:    Ignis [****..]
Gold:   90         SH:  7    Dex:  5    Spells: 9/9 levels left

rFire   + + .        Y - +0 war axe
rCold   + + .        e - +0 kite shield
rNeg    + . .        m - +0 plate armour
rPois   inf          (no helmet)
rElec   +            d - scarf {rC+ rF+}
rCorr   .            (no gloves)
SInv    .            (no boots)
Will    .....        (no amulet) Stlth
                     r - ring of protection from cold
HPRegen 0.28/turn    (no ring)
MPRegen 0.11/turn

%: no passive effects
@: fiery-armoured
A: sickness immunity, AC +5, negative energy resistance 1, electricity
resistance, torment resistance 1, petrification resistance
a: Renounce Religion, Fiery Armour, Foxfire Swarm, Rising Flame


You were on level 6 of the Dungeon.
You worshipped Ignis.
Ignis was greatly pleased with you.
You visited 1 branch of the dungeon, and saw 6 of its levels.

You collected 300 gold pieces.
You spent 210 gold pieces at shops.


Innate Abilities, Weirdness & Mutations

You are immune to sickness and miasma.
Your stone body is resilient. (AC +5)
You are immune to poison.
You resist negative energy. (rN+)
You are resistant to electric shocks. (rElec)
You are resistant to unholy torment.
You are immune to petrification.


   Skills:
 - Level 4.5 Fighting
 - Level 6.0 Axes
 - Level 3.2 Armour
 + Level 5.4 Shields
 - Level 1.0 Spellcasting
 - Level 3.0 Fire Magic


You had 9 spell levels left.
You didn't know any spells.
Your spell library contained the following spells:

 Spells                   Type           Power      Damage    Failure   Level
 Scorch                   Fire           18%        2d6       100%        2

Inventory:

Hand Weapons
 c - a +0 hand axe of flaming
 Y - a +0 war axe (weapon)
Armour
 d - a scarf of resistance (worn)
 e - a +0 kite shield (worn)
 m - a +0 plate armour (worn)
Jewellery
 i - a +6 ring of intelligence
 n - a ring of ice
 r - a ring of protection from cold (left hand)
Scrolls
 g - a scroll of identify
 l - 4 scrolls of teleportation
Potions
 a - 4 potions of curing
 b - 4 potions of might
 f - a potion of resistance
 h - a potion of heal wounds
 j - a potion of haste
 k - 2 potions of cancellation

Dungeon Overview and Level Annotations

Branches:
Dungeon (6/15)
 Temple: D:4-7

Altars:

Shops:
D:5 !


Message History

Autopickup is now on.
Lua error: [string "/dgldir/rcfiles/crawl-bot-0.30/qwlua.rc"]:3700: Cannot currently process new keys (there is pending input) Deactivating autopickup; reactivate with Ctrl-A.
You closely miss something. Something hits you but does no damage.
Autopickup is now on.
Lua error: [string "/dgldir/rcfiles/crawl-bot-0.30/qwlua.rc"]:3700: Cannot currently process new keys (there is pending input) Deactivating autopickup; reactivate with Ctrl-A.
You miss something. Something hits you but does no damage.
You hear some strange, mumbled words.
A puff of flame appears from out of thin air!
The puff of flame hits you but does no damage.
Autopickup is now on.
Lua error: [string "/dgldir/rcfiles/crawl-bot-0.30/qwlua.rc"]:3700: Cannot currently process new keys (there is pending input) Deactivating autopickup; reactivate with Ctrl-A.
You completely miss something. Something hits you but does no damage.
Autopickup is now on.
Lua error: [string "/dgldir/rcfiles/crawl-bot-0.30/qwlua.rc"]:3700: Cannot currently process new keys (there is pending input) Deactivating autopickup; reactivate with Ctrl-A.
You miss something. Something hits you but does no damage.
The orc priest calls down the wrath of Beogh upon you.
Something writhes in agony!
Reactivating autopickup.
You feel a bit more experienced.
Your Axes skill increases to level 6!
You slash the orc!
You kill the orc!
You slash the orc priest!
The orc priest is severely wounded.
The orc priest hits you with a +0 short sword.
The orc priest is burned by your cloak of flames.
The orc priest is almost dead.
You hit the orc priest.
The orc priest is almost dead.
The orc priest calls down the wrath of Beogh upon you.
Beogh smites you!
You die...

+...+
###.#
#).^#
#.###
#.#
#.#
#.#
#.#
#.#
#@#
#o#
...
#...#
#...#
#...#
#...#
#...#


You could see an orc priest.

Vanquished Creatures
  An ice beast (D:5)
  An orc warrior (D:6)
  2 kobold brigands (D:4)
  3 scorpions
  2 hounds (D:5)
  A gnoll bouda (D:4)
  An orc priest (D:5)
  Jessica (D:3)
  An iguana (D:5)
  Terence (D:3)
  6 gnolls
  5 adders
  A white imp (D:6)
  3 dart slugs
  10 orcs
  4 endoplasms
  2 giant cockroaches
  3 goblins
  10 hobgoblins
  4 jackals (D:1)
  4 quokkas
  6 ball pythons
  12 bats
  3 frilled lizards
  12 kobolds
  8 rats
107 creatures vanquished.

Vanquished Creatures (others)
  2 orc wizards (D:6)
2 creatures vanquished.

Grand Total: 109 creatures vanquished

Notes
Turn   | Place    | Note
-------+----------+-------------------------------------------
     0 | D:1      | qw the Gargoyle Cinder Acolyte began the quest for the Orb.
     0 | D:1      | Reached XP level 1. HP: 14/14 MP: 2/2
     0 | D:1      | 0 ||| qw: Version: 0.2-a-95-g816fdde
     0 | D:1      | 0 ||| qw: Game counter: 71
     0 | D:1      | 0 ||| qw: Always use a shield: true
     0 | D:1      | 0 ||| qw: God list: Okawaru
     0 | D:1      | 0 ||| qw: Allow faded altars: false
     0 | D:1      | 0 ||| qw: Do Orc after D:15 true
     0 | D:1      | 0 ||| qw: Do second Lair branch before Depths: true
     0 | D:1      | 0 ||| qw: Lair rune preference: random
     0 | D:1      | 0 ||| qw: Plans: Normal
     0 | D:1      | 0 ||| PLANNING D:1-11
    44 | D:1      | 44 ||| Stepping ~*~*~tactically~*~*~ (hiding).
    46 | D:1      | 46 ||| Stepping ~*~*~tactically~*~*~ (hiding).
   129 | D:1      | Reached skill level 3 in Axes
   149 | D:1      | Reached XP level 2. HP: 17/19 MP: 3/3
   171 | D:1      | 171 ||| Stepping ~*~*~tactically~*~*~ (stealth).
   346 | D:1      | You fall into a shaft and drop 1 floor!
   391 | D:2      | 391 ||| UPGRADING to +0 leather armour.
   401 | D:2      | 401 ||| DROPPING +0 robe.
   402 | D:2      | 402 ||| UPGRADING to +0 kite shield.
   407 | D:2      | 407 ||| READING scroll labelled HUOKHL NEOTU.
   408 | D:2      | 408 ||| READING scroll labelled GIRILA YHUR.
   412 | D:2      | 412 ||| STAIRDANCE
   453 | D:1      | 453 ||| Stepping ~*~*~tactically~*~*~ (hiding).
   463 | D:1      | Reached XP level 3. HP: 23/23 MP: 4/4
   465 | D:1      | Reached skill level 1 in Shields
   579 | D:1      | 579 ||| DROPPING +0 hand axe of freezing.
   592 | D:1      | 592 ||| Stepping ~*~*~tactically~*~*~ (hiding).
   624 | D:1      | 624 ||| Stepping ~*~*~tactically~*~*~ (stealth).
   691 | D:1      | 691 ||| READING scroll labelled NEETUU XOBIR.
   692 | D:1      | 692 ||| DRINKING 2 amethyst potions.
   958 | D:2      | 958 ||| Stepping ~*~*~tactically~*~*~ (stealth).
   984 | D:2      | 984 ||| Stepping ~*~*~tactically~*~*~ (stealth).
  1002 | D:2      | 1002 ||| Stepping ~*~*~tactically~*~*~ (stealth).
  1026 | D:2      | 1026 ||| Stepping ~*~*~tactically~*~*~ (stealth).
  1358 | D:2      | 1358 ||| Stepping ~*~*~tactically~*~*~ (stealth).
  1371 | D:2      | 1371 ||| UPGRADING to +0 plate armour.
  1381 | D:2      | 1381 ||| DROPPING +0 leather armour.
  1382 | D:2      | 1382 ||| READING scroll labelled HAUCOC HAEV.
  1387 | D:2      | 1387 ||| READING scroll labelled GORICE WUPS.
  1388 | D:2      | 1388 ||| DRINKING 2 glowing red potions.
  1389 | D:2      | 1389 ||| DRINKING 2 blue potions.
  1390 | D:2      | 1390 ||| DRINKING 2 puce potions.
  1391 | D:2      | 1391 ||| DRINKING 2 fuming coppery potions.
  1392 | D:2      | 1392 ||| DROPPING potion of attraction.
  1393 | D:2      | 1393 ||| DROPPING potion of flight.
  1421 | D:3      | 1421 ||| INVOKING Fiery Armour.
  1428 | D:3      | Reached skill level 1 in Armour
  1428 | D:3      | Reached XP level 4. HP: 25/28 MP: 5/5
  1428 | D:3      | 1428 ||| STAIRDANCE
  1479 | D:3      | Found a faded altar of an unknown god.
  1521 | D:3      | 1521 ||| Stepping ~*~*~tactically~*~*~ (hiding).
  1524 | D:3      | 1524 ||| Stepping ~*~*~tactically~*~*~ (hiding).
  1525 | D:3      | 1525 ||| Stepping ~*~*~tactically~*~*~ (hiding).
  1526 | D:3      | 1526 ||| Stepping ~*~*~tactically~*~*~ (hiding).
  1583 | D:3      | 1583 ||| Stepping ~*~*~tactically~*~*~ (stealth).
  1584 | D:3      | 1584 ||| Stepping ~*~*~tactically~*~*~ (stealth).
  1629 | D:3      | Noticed Jessica
  1633 | D:3      | Killed Jessica
  1634 | D:3      | Reached skill level 3 in Shields
  1682 | D:3      | 1682 ||| SWAPPING to +0 war axe.
  1830 | D:3      | Reached XP level 5. HP: 32/32 MP: 6/6
  1899 | D:3      | 1899 ||| Stepping ~*~*~tactically~*~*~ (hiding).
  1911 | D:3      | 1911 ||| Stepping ~*~*~tactically~*~*~ (stealth).
  1969 | D:3      | Noticed Terence
  1980 | D:3      | Killed Terence
  2185 | D:3      | 2185 ||| UPGRADING to scarf of resistance.
  2190 | D:3      | 2190 ||| READING scroll labelled RITONOYTWOAW.
  2191 | D:3      | 2191 ||| READING scroll labelled TYKHLYZ SESEILL.
  2192 | D:3      | 2192 ||| READING scroll labelled DIDAYKEABO.
  2193 | D:3      | 2193 ||| READING scroll labelled IWKARAIRENN.
  2194 | D:3      | 2194 ||| DRINKING 2 smoky puce potions.
  2195 | D:3      | 2195 ||| DRINKING 2 fizzy inky potions.
  2418 | D:4      | 2418 ||| Stepping ~*~*~tactically~*~*~ (stealth).
  2433 | D:4      | 2433 ||| Stepping ~*~*~tactically~*~*~ (stealth).
  2455 | D:4      | 2455 ||| Stepping ~*~*~tactically~*~*~ (stealth).
  2487 | D:4      | Noticed a kobold brigand
  2488 | D:4      | Noticed a kobold brigand
  2502 | D:4      | Killed a kobold brigand
  2503 | D:4      | Reached skill level 4 in Axes
  2503 | D:4      | Reached XP level 6. HP: 27/37 MP: 7/7
  3021 | D:4      | 3021 ||| INVOKING Fiery Armour.
  3223 | D:4      | 3223 ||| READING 2 scrolls of identify.
  3223 | D:4      | 3223 ||| IDENTIFYING lumpy inky potion
  3258 | D:5      | Entered Level 5 of the Dungeon
  3349 | D:5      | Reached skill level 5 in Axes
  3349 | D:5      | Reached XP level 7. HP: 28/41 MP: 8/8
  3352 | D:5      | HP: 5/41 [iguana (10)]
  3353 | D:5      | 3353 ||| READING 2 scrolls of teleportation.
  3353 | D:5      | HP: 1/41 [scorpion (4)]
  3354 | D:5      | 3354 ||| DRINKING 2 potions of heal wounds.
  3356 | D:5      | 3356 ||| INVOKING Fiery Armour.
  3380 | D:5      | Reached skill level 3 in Armour
  3385 | D:5      | 3385 ||| Stepping ~*~*~tactically~*~*~ (stealth).
  3681 | D:5      | Found Diteapio's Distillery.
  3686 | D:5      | 3686 ||| BUYING 2 potions of might (112 gold).
  3686 | D:5      | Bought 2 potions of might for 112 gold pieces
  3686 | D:5      | 3686 ||| BUYING potion of curing (42 gold).
  3686 | D:5      | Bought a potion of curing for 42 gold pieces
  3686 | D:5      | 3686 ||| BUYING potion of might (56 gold).
  3686 | D:5      | Bought a potion of might for 56 gold pieces
  3875 | D:5      | 3875 ||| UPGRADING to ring of protection from cold.
  3876 | D:5      | 3876 ||| READING scroll labelled COWEIREVIH.
  3877 | D:5      | 3877 ||| READING 3 scrolls labelled HEWNEWO YNIGIPP.
  3878 | D:5      | 3878 ||| READING scroll labelled ARREEGA LANYIWN.
  3879 | D:5      | 3879 ||| READING 2 scrolls of identify.
  3879 | D:5      | 3879 ||| IDENTIFYING silvery potion
  3880 | D:5      | 3880 ||| DROPPING potion of lignification.
  3881 | D:5      | 3881 ||| DROPPING 2 scrolls of summoning.
  3896 | D:6      | 3896 ||| Stepping ~*~*~tactically~*~*~ (hiding).
  3897 | D:6      | 3897 ||| Stepping ~*~*~tactically~*~*~ (hiding).
  3899 | D:6      | 3899 ||| Stepping ~*~*~tactically~*~*~ (hiding).
  3906 | D:6      | 3906 ||| Stepping ~*~*~tactically~*~*~ (stealth).
  3969 | D:6      | 3969 ||| INVOKING Fiery Armour.
  3983 | D:6      | Reached XP level 8. HP: 26/48 MP: 9/9
  3990 | D:6      | Reached skill level 6 in Axes
  3992 | D:6      | Killed from afar by an orc priest

Levels and vault maps discovered:
D:1:      psy_arrival_heroes, layout_rooms, serial_park_tiny_pond
D:2:      layout_loops_ring
D:3:      layout_basic, basic_ecumenical_altar, saegor_snake_ambush,
          uniq_terence, uniq_jessica
D:4:      cheibrodos_thug_alley, layout_basic
D:5:      layout_rooms, serial_shops, nicolae_shop_hallway_stairs,
          dreamdust_mushroom_princess, hangedman_decor_opposing
D:6:      kennysheep_six_static_rooms, layout_rooms,
          mainiacjoe_overflow_alcove_2, gammafunk_temple_overflow_elements,
          serial_shops, nicolae_shop_real_fake_doors, uniq_eustachio

Skill      XL: |  1  2  3  4  5  6  7  8 |
---------------+-------------------------+-----
Axes           | 3 4 5 6 |  6.0
Shields        | 2 3 4 5 |  5.4
Armour         | 1 2 3 |  3.2
Fighting       | 4 |  4.5
Spellcasting   | |  1.0
Fire Magic     | |  3.0

Action                     |  1- 3 |  4- 6 |  7- 9 || total
---------------------------+-------+-------+-------++-------
  Melee: Hand axe          |   147 |     8 |       ||   155
         Punch             |     1 |       |       ||     1
         War axe           |       |   149 |    78 ||   227
 Invoke: Fiery Armour      |     1 |     1 |     2 ||     4
    Use: Scroll            |     5 |     5 |     5 ||    15
         Potion            |     5 |     2 |     1 ||     8
 Armour: Robe              |    23 |       |       ||    23
         Leather armour    |    30 |       |       ||    30
         Plate armour      |     4 |   133 |    58 ||   195
  Dodge: Dodged            |    91 |    42 |    11 ||   144
  Block: Kite shield       |    19 |    60 |    39 ||   118

Table legend:
 A = Non-vault XP
 B = Vault XP
 C = Vault XP percentage of total XP
 D = Non-vault monster count
 E = Vault monster count
 F = Vault count percentage of total count
                 A         B        C        D         E       F
            +---------+---------+-------+---------+---------+-------
      Total |     999 |     315 |  24.0 |      93 |      16 |  14.7
            +---------+---------+-------+---------+---------+-------
        D:1 |      51 |       0 |   0.0 |      32 |       0 |   0.0
        D:2 |      46 |       0 |   0.0 |      14 |       0 |   0.0
        D:3 |      36 |     114 |  76.0 |      14 |       5 |  26.3
        D:4 |     110 |     201 |  64.6 |      11 |      11 |  50.0
        D:5 |     482 |       0 |   0.0 |      12 |       0 |   0.0
        D:6 |     274 |       0 |   0.0 |      10 |       0 |   0.0
            +---------+---------+-------+---------+---------+-------
